AoeStats
← Tanana

MegaRandom

507315557Analyzed
4v4 RM · 15d ago on Sep 17, 2026· 14m 20s· 8 players
Game mode
Random Map
Map size
Large (8 player)
Population
200
Speed
Normal
Resources
Standard
Victory
Conquest
Starting age
Dark Age
Ending age
Imperial Age
RankedLock teamsTeams togetherTeam positionsShared explorationLock speedFull tech treeHidden civsTurbo modeCheats
Victory
Defeat
🇩🇪 Ethiopians · Germany
1380
+16
🇩🇪 Franks · Germany
1311
+19
🇩🇪 Lithuanians · Germany
1311
+19
🇩🇪 Koreans · Germany
1309
+19
🇩🇪 Khmer · Germany
1446
-21
🇲🇩 Franks · Moldova
1384
-19
🇭🇰 Bohemians · Hong Kong SAR China
1350
-17
🇲🇹 Ethiopians · Malta
1330
-16
302
11:18 Feudal Age
15:18 Castle Age
13:05 Loom
tower rusher = kys
11:03 Feudal Age
14:54 Castle Age
proxxi
7:17 Loom
10:17 Feudal Age
12:29 Double-Bit Axe
Erg_Raider
9:48 Loom
11:41 Feudal Age
14:49 Castle Age
I still hate Goths
7:03 Loom
9:11 Feudal Age
9:46 Double-Bit Axe
12:08 Scale Barding Armor
14:27 Horse Collar
Fürst Zono
6:49 Loom
9:23 Feudal Age
10:01 Double-Bit Axe
11:39 Fletching
14:28 Wheelbarrow
Tanana
6:54 Loom
9:11 Feudal Age
10:03 Double-Bit Axe
I still love Koreans
7:51 Loom
10:17 Feudal Age
10:58 Double-Bit Axe
14:48 Fletching
Connection lost

Rejoining the realm…

Still unreachable

The connection could not be restored.

Session expired

The server has moved on; the page needs a fresh start.